PIO (24 & UNDER)
SEATTLE RAINIERS @ CHULA VISTA TACOS
07/23/2027
 
TOP OF THE 1ST
Seattle Rainiers batting - Pitching for Chula Vista Tacos : LHP Sloan Sanders
Pitching: LHP Sloan Sanders
Batting: LHB Kelsey Scott 0-0: Ball
1-0: Called Strike
1-1: Foul Ball, location: 2F
1-2: Strikes out swinging
Batting: RHB Doug Bell 0-0: Ball
1-0: Ball
2-0: Called Strike
2-1: Ball
3-1: Called Strike
3-2: Strikes out looking
Batting: LHB José Delgado 0-0: Ball
1-0: Called Strike
1-1: Fly out, F9 (Flyball, 9)
Top of the 1st over - 0 run(s), 0 hit(s), 0 error(s), 0 left on base; Seattle 0 - Chula Vista 0
BOTTOM OF THE 1ST
Chula Vista Tacos batting - Pitching for Seattle Rainiers : RHP Brandon Sweet
Pitching: RHP Brandon Sweet
Batting: RHB Manny Torrez 0-0: Ball
1-0: Bunted foul
1-1: Ball
2-1: Ball
3-1: Foul Ball, location: 2F
3-2: Strikes out swinging
Batting: RHB Gerald Davis 0-0: Foul Ball, location: 2F
0-1: Swinging Strike
0-2: Ball
1-2: Ball
2-2: Foul Ball, location: 2F
2-2: Fly out, F9 (Flyball, 9LMF)
Batting: LHB Michael Myers 0-0: Ball
1-0: Called Strike
1-1: Foul Ball, location: 2F
1-2: Foul Ball, location: 2F
1-2: Fly out, F1 (Line Drive, 13)
Bottom of the 1st over - 0 run(s), 0 hit(s), 0 error(s), 0 left on base; Seattle 0 - Chula Vista 0
TOP OF THE 2ND
Seattle Rainiers batting - Pitching for Chula Vista Tacos : LHP Sloan Sanders
Batting: RHB Cipriano Baca 0-0: Ball
1-0: Swinging Strike
1-1: Called Strike
1-2: Strikes out looking
Batting: RHB Leonard Harris 0-0: Ground out U3 (Groundball, 3S)
Batting: SHB Júlio Ayala 0-0: Fly out, F8 (Flyball, 8RS)
Top of the 2nd over - 0 run(s), 0 hit(s), 0 error(s), 0 left on base; Seattle 0 - Chula Vista 0
BOTTOM OF THE 2ND
Chula Vista Tacos batting - Pitching for Seattle Rainiers : RHP Brandon Sweet
Batting: LHB John White 0-0: Ball
1-0: Ball
2-0: Ball
3-0: Base on Balls
Batting: RHB Javier González 0-0: Ball
1-0: Foul Ball, location: 2F
1-1: Called Strike
1-2: Foul Ball, location: 2F
1-2: Strikes out swinging
Batting: LHB Joe Baker 0-0: Ball
1-0: SINGLE (Line Drive, 4D)
John White to second
Batting: RHB Ray Rogers 0-0: Foul Ball, location: 2F
0-1: Fly out, F8 (Flyball, 8RM)
Batting: RHB José Oliveira 0-0: Ball
1-0: Ball
2-0: Ground out 1-3 (Groundball, P)
Bottom of the 2nd over - 0 run(s), 1 hit(s), 0 error(s), 2 left on base; Seattle 0 - Chula Vista 0
TOP OF THE 3RD
Seattle Rainiers batting - Pitching for Chula Vista Tacos : LHP Sloan Sanders
Batting: RHB John Eaves 0-0: Foul Ball, location: 2F
0-1: Swinging Strike
0-2: Ball
1-2: Foul Ball, location: 2F
1-2: Foul Ball, location: 2F
1-2: Strikes out swinging
Batting: LHB Carlos Valentín 0-0: Called Strike
0-1: Called Strike
0-2: Ball
1-2: Strikes out swinging
Batting: SHB Claas van der Kuijl 0-0: Ball
1-0: Foul Ball, location: 2F
1-1: Foul Ball, location: 2F
1-2: Strikes out swinging
Top of the 3rd over - 0 run(s), 0 hit(s), 0 error(s), 0 left on base; Seattle 0 - Chula Vista 0
BOTTOM OF THE 3RD
Chula Vista Tacos batting - Pitching for Seattle Rainiers : RHP Brandon Sweet
Batting: LHB Gonzalo Benítez 0-0: Called Strike
0-1: Swinging Strike
0-2: Fly out, F8 (Flyball, 8RM)
Batting: RHB Manny Torrez 0-0: SOLO HOME RUN (Flyball, 7D), Distance : 394 ft
Batting: RHB Gerald Davis 0-0: Called Strike
0-1: Ball
1-1: Swinging Strike
1-2: Ball
2-2: Foul Ball, location: 2F
2-2: Ball
3-2: Foul Ball, location: 2F
3-2: Ground out 6-3 (Groundball, 6)
Batting: LHB Michael Myers 0-0: Called Strike
0-1: Ball
1-1: Ball
2-1: Foul Ball, location: 2F
2-2: Foul Ball, location: 2F
2-2: Foul Ball, location: 2F
2-2: Foul Ball, location: 2F
2-2: Ball
3-2: Foul Ball, location: 2F
3-2: SINGLE (Groundball, 6) (infield hit)
Batting: LHB John White 0-0: Ball
1-0: Called Strike
1-1: Called Strike
Michael Myers steals 2nd base
1-2: Ball
2-2: Foul Ball, location: 2F
2-2: Foul Ball, location: 2F
2-2: SINGLE (Groundball, 34D)
Michael Myers to third
Runner from 3rd tries for Home, SAFE, no throw
Batting: RHB Javier González 0-0: Called Strike
0-1: Called Strike
0-2: Strikes out swinging
Bottom of the 3rd over - 2 run(s), 3 hit(s), 0 error(s), 1 left on base; Seattle 0 - Chula Vista 2
TOP OF THE 4TH
Seattle Rainiers batting - Pitching for Chula Vista Tacos : LHP Sloan Sanders
Batting: LHB Kelsey Scott 0-0: Ball
1-0: Called Strike
1-1: SINGLE (Line Drive, 89M)
Batting: RHB Doug Bell 0-0: Swinging Strike
0-1: Ball
1-1: Ball
2-1: Foul Ball, location: 2F
2-2: Strikes out looking
Batting: LHB José Delgado 0-0: Ball
1-0: Called Strike
Kelsey Scott steals 2nd base
1-1: Ball
2-1: Called Strike
2-2: Strikes out looking
Batting: RHB Cipriano Baca 0-0: Ball
1-0: Called Strike
1-1: Ball
2-1: Ground out 4-3 (Groundball, 4)
Top of the 4th over - 0 run(s), 1 hit(s), 0 error(s), 1 left on base; Seattle 0 - Chula Vista 2
BOTTOM OF THE 4TH
Chula Vista Tacos batting - Pitching for Seattle Rainiers : RHP Brandon Sweet
Batting: LHB Joe Baker 0-0: Called Strike
0-1: Ball
1-1: Ball
2-1: Ball
3-1: Swinging Strike
3-2: Base on Balls
Batting: RHB Ray Rogers 0-0: Ball
1-0: Ball
2-0: Swinging Strike
2-1: Ball
3-1: Foul Ball, location: 2F
3-2: Strikes out swinging
Batting: RHB José Oliveira 0-0: Ball
Joe Baker is caught stealing 2nd base
1-0: Ball
2-0: Called Strike
2-1: Foul Ball, location: 2F
2-2: Foul Ball, location: 2F
2-2: Foul Ball, location: 2F
2-2: Ball
3-2: Strikes out looking
Bottom of the 4th over - 0 run(s), 0 hit(s), 0 error(s), 0 left on base; Seattle 0 - Chula Vista 2
TOP OF THE 5TH
Seattle Rainiers batting - Pitching for Chula Vista Tacos : LHP Sloan Sanders
Batting: RHB Leonard Harris 0-0: Ball
1-0: Called Strike
1-1: Ball
2-1: Foul Ball, location: 2F
2-2: Ball
3-2: Strikes out swinging
Batting: SHB Júlio Ayala 0-0: Swinging Strike
0-1: Ball
1-1: Called Strike
1-2: Strikes out swinging
Batting: RHB John Eaves 0-0: Ball
1-0: Swinging Strike
1-1: Foul Ball, location: 2F
1-2: Strikes out swinging
Top of the 5th over - 0 run(s), 0 hit(s), 0 error(s), 0 left on base; Seattle 0 - Chula Vista 2
BOTTOM OF THE 5TH
Chula Vista Tacos batting - Pitching for Seattle Rainiers : RHP Brandon Sweet
Pitching: LHP Tommy Corrigan
Batting: LHB Gonzalo Benítez 0-0: Ball
1-0: Foul Ball, location: 2F
1-1: Ball
2-1: Swinging Strike
2-2: Strikes out swinging
Batting: RHB Manny Torrez 0-0: Ball
1-0: Swinging Strike
1-1: Ball
2-1: Foul Ball, location: 2F
2-2: Ball
3-2: Strikes out swinging
Batting: RHB Gerald Davis 0-0: Foul Ball, location: 2F
0-1: Ball
1-1: Ball
2-1: Foul Ball, location: 2F
2-2: Foul Ball, location: 2F
2-2: Ball
3-2: Ground out U3 (Groundball, 34)
Bottom of the 5th over - 0 run(s), 0 hit(s), 0 error(s), 0 left on base; Seattle 0 - Chula Vista 2
TOP OF THE 6TH
Seattle Rainiers batting - Pitching for Chula Vista Tacos : LHP Sloan Sanders
Batting: LHB Carlos Valentín 0-0: Foul Ball, location: 2F
0-1: Ground out U3 (Groundball, 34)
Batting: SHB Claas van der Kuijl 0-0: Foul Ball, location: 2F
0-1: Ball
1-1: Ball
2-1: Ground out 4-3 (Groundball, 4)
Batting: LHB Kelsey Scott 0-0: Ball
1-0: Ground out 6-3 (Groundball, 6M)
Top of the 6th over - 0 run(s), 0 hit(s), 0 error(s), 0 left on base; Seattle 0 - Chula Vista 2
BOTTOM OF THE 6TH
Chula Vista Tacos batting - Pitching for Seattle Rainiers : LHP Tommy Corrigan
Batting: LHB Michael Myers 0-0: Ball
1-0: SINGLE (Flyball, 9LS)
Batting: LHB John White 0-0: Called Strike
0-1: Ball
Michael Myers steals 2nd base
1-1: 2-RUN HOME RUN (Flyball, 89XD), Distance : 416 ft
Batting: RHB Javier González 0-0: Ball
1-0: Ball
2-0: Called Strike
2-1: Ball
3-1: Fly out, F5 (Line Drive, 56)
Batting: LHB Joe Baker 0-0: Swinging Strike
0-1: Ball
1-1: Ball
2-1: Called Strike
2-2: Fly out, F7 (Line Drive, 7)
Batting: RHB Ray Rogers 0-0: Called Strike
0-1: Foul Ball, location: 2F
0-2: Fly out, F9 (Flyball, 9)
Bottom of the 6th over - 2 run(s), 2 hit(s), 0 error(s), 0 left on base; Seattle 0 - Chula Vista 4
TOP OF THE 7TH
Seattle Rainiers batting - Pitching for Chula Vista Tacos : LHP Sloan Sanders
Batting: RHB Doug Bell 0-0: Ball
1-0: Swinging Strike
1-1: Foul Ball, location: 2F
1-2: Ground out 5-3 (Groundball, 5)
Batting: LHB José Delgado 0-0: Called Strike
0-1: Called Strike
0-2: Ball
1-2: Foul Ball, location: 2F
1-2: Fly out, F8 (Line Drive, 8LM)
Batting: RHB Cipriano Baca 0-0: Ball
1-0: Ball
2-0: Called Strike
2-1: Foul Ball, location: 2F
2-2: Foul Ball, location: 2F
2-2: Foul Ball, location: 2F
2-2: Ball
3-2: Strikes out looking and he physically ARGUES THE CALL AND IS TOSSED!
Top of the 7th over - 0 run(s), 0 hit(s), 0 error(s), 0 left on base; Seattle 0 - Chula Vista 4
BOTTOM OF THE 7TH
Chula Vista Tacos batting - Pitching for Seattle Rainiers : LHP Tommy Corrigan
Now at 2B: Roger Lamb
Batting: RHB José Oliveira 0-0: SINGLE (Groundball, 4MD)
Batting: LHB Gonzalo Benítez 0-0: Sac Bunt - play at first, batter OUT! 3-4
José Oliveira to second
Batting: RHB Manny Torrez 0-0: Ball
1-0: Called Strike
1-1: Fly out, F8 (Flyball, 8LD)
Batting: RHB Gerald Davis 0-0: Intentional Walk
Batting: LHB Michael Myers 0-0: Ball
1-0: Ball
2-0: Foul Ball, location: 2F
2-1: Swinging Strike
2-2: Ball
3-2: SINGLE (Line Drive, 56D)
José Oliveira to third
Gerald Davis to second
José Oliveira scores
Gerald Davis to third
Pitching: RHP Terence Wilson
Batting: LHB John White 0-0: Foul Ball, location: 2F
0-1: Fly out, F8 (Flyball, 8LS)
Bottom of the 7th over - 1 run(s), 2 hit(s), 0 error(s), 2 left on base; Seattle 0 - Chula Vista 5
TOP OF THE 8TH
Seattle Rainiers batting - Pitching for Chula Vista Tacos : LHP Sloan Sanders
Pitching: LHP Alejandro Flores
Now at 1B: Steven Smith
Batting: RHB Leonard Harris 0-0: Fly out, F4 (Line Drive, 4)
Batting: SHB Júlio Ayala 0-0: Ball
1-0: Ground out 5-3 (Groundball, 56)
Batting: RHB John Eaves 0-0: Called Strike
0-1: Ball
1-1: Fly out, F9 (Flyball, 9LS)
Top of the 8th over - 0 run(s), 0 hit(s), 0 error(s), 0 left on base; Seattle 0 - Chula Vista 5
BOTTOM OF THE 8TH
Chula Vista Tacos batting - Pitching for Seattle Rainiers : RHP Terence Wilson
Batting: RHB Javier González 0-0: Ball
1-0: Called Strike
1-1: Fly out, F8 (Flyball, 8LD)
Batting: LHB Joe Baker 0-0: Ball
1-0: Foul Ball, location: 2F
1-1: Reached on error, E4 (Groundball, 4)
Batting: RHB Ray Rogers 0-0: Ball
1-0: Ball
Joe Baker steals 2nd base
2-0: Intentional Walk
Batting: RHB José Oliveira 0-0: Ball
1-0: Called Strike
Joe Baker steals 3rd base
Ray Rogers to second
1-1: Ground out 6-3 (Groundball, 6S)
Joe Baker scores
Ray Rogers to third
Batting: LHB Gonzalo Benítez 0-0: Ball
1-0: Swinging Strike
1-1: Ball
2-1: Ball
3-1: Swinging Strike
3-2: Foul Ball, location: 2F
3-2: Fly out, F8 (Flyball, 8LM)
Bottom of the 8th over - 1 run(s), 0 hit(s), 1 error(s), 1 left on base; Seattle 0 - Chula Vista 6
TOP OF THE 9TH
Seattle Rainiers batting - Pitching for Chula Vista Tacos : LHP Alejandro Flores
Batting: LHB Carlos Valentín 0-0: Called Strike
0-1: Foul Ball, location: 2F
0-2: Strikes out swinging
Batting: SHB Claas van der Kuijl 0-0: Ball
1-0: Ground out 6-3 (Groundball, 6)
Batting: LHB Kelsey Scott 0-0: Called Strike
0-1: Swinging Strike
0-2: Ground out 6-3 (Groundball, 6M)
Top of the 9th over - 0 run(s), 0 hit(s), 0 error(s), 0 left on base; Seattle 0 - Chula Vista 6
Thursday, March 30th, 2017 - OOTP Baseball 17.12 Build 75